 Dungeon Sprint DCSS version 0.30-a0-743-gbfdf073431 (webtiles) character file.

Game seed: 5818565355829941247

265 Hubris850 the Covert (level 5, -2/24 HPs)
             Began as a Spriggan Enchanter on Feb 7, 2023.
             Splashed by a jelly's acid (7 damage)
             ... in the Dungeon (Sprint I: "Red Sonja").
             The game lasted 00:01:45 (193 turns).

Hubris850 the Covert (Spriggan Enchanter)            Turns: 193, Time: 00:01:45

Health: -2/24      AC: -2    Str:  4    XL:     5   Next: 99%
Magic:  15/15      EV: 17    Int: 17    God:
Gold:   162        SH:  0    Dex: 17    Spells: 6/17 levels left

rFire   . . .      SeeInvis +    a - +1 dagger
rCold   . . .      Faith    .    (no shield)
rNeg    . . .      Spirit   .    b - +0 robe
rPois   .          Reflect  .    (helmet restricted)
rElec   .          Harm     .    (no cloak)
rCorr   .          Rampage  .    (gloves unavailable)
Will    .....      NoTele   +    (boots unavailable)
Stlth   ++++++                   (no amulet)
HPRegen 0.24/turn                (no ring)
MPRegen 0.14/turn                (no ring)

@: corroded, very quick
A: very small, no large weapons, unfitting armour, see invisible, speed 3
a: no special abilities


You were in the Dungeon.
You visited 1 branch You collected 162 gold pieces.

Inventory:

Hand Weapons
 a - a +1 dagger (weapon)
Armour
 b - a +0 robe (worn)
Wands
 h - a wand of flame (14)
Scrolls
 i - a scroll of blinking
Potions
 c - 2 potions of invisibility
 d - a potion of curing
 e - a potion of heal wounds
 f - a potion of haste
 g - 2 potions of magic


   Skills:
 + Level 5.2 Short Blades
 - Level 2.6 Dodging
 + Level 14.4 Stealth
 - Level 6.5 Spellcasting
 - Level 7.0 Hexes


You had 6 spell levels left.
You knew the following spells:

 Your Spells              Type           Power      Damage    Failure   Level
a - Confusing Touch       Hex            29%        N/A       1%          3
b - Ensorcelled Hibernat  Hex/Ice        34%        N/A       4%          2
c - Tukima's Dance        Hex            29%        N/A       1%          3
d - Dazzling Flash        Conj/Hex       34%        N/A       9%          3

Your spell library contained the following spells:

 Spells                   Type           Power      Damage    Failure   Level


Dungeon Overview and Level Annotations

Branches:
Dungeon (1/1)

Altars:
Sif Muna
Vehumet
Wu Jian


Innate Abilities, Weirdness & Mutations

You are very small and have problems with some larger weapons.
You are too small for most types of armour.
You have supernaturally acute eyesight. (SInv)
You cover ground extremely quickly. (Speed+++)


Message History

You start resting.
Magic restored.
Setting a skill training target for Short Blades at 10.0.
Things that are here:
a +0 scythe; a +0 robe You open the door.
Found 108 gold pieces.
There is an open door here.
You now have 81 gold pieces (gained 27).
You now have 108 gold pieces (gained 27).
You now have 135 gold pieces (gained 27).
You now have 162 gold pieces (gained 27).
You open the door.
Found a chain mail and a short sword.
Found a shimmering blue altar of Sif Muna.
A jelly comes into view.
Found an ornate altar of the Wu Jian Council.
There is an open door here.
Found a radiant altar of Vehumet.
The jelly quivers.
You see here a +0 chain mail.
You see here a +0 short sword.
You hit the jelly but do no damage.
Your hands burn!
You hit the jelly.
Your hands burn!
The jelly is lightly wounded.
The jelly misses you.
You hit the jelly.
Your hands burn!
The jelly is lightly wounded.
The jelly completely misses you.
You hit the jelly. The acid corrodes you!
Your hands burn!
The jelly is heavily wounded.
You hit the jelly.
Your hands burn!
The jelly is heavily wounded.
The jelly barely misses you.
You completely miss the jelly.
The jelly is heavily wounded.
The jelly hits you.
* * * LOW HITPOINT WARNING * * *
The acid corrodes you!
You are splashed with acid!
You die...

################
#<.#.)'..#.)'..#
#..'..#.)'..#..+
#..#####'#####'#
#..# #..# #[#
#..# #### #@#
#..# #J.+ #⌠⌠#
..._# ####
#_.#+# ##+


You could see a jelly.

Vanquished Creatures
  Sigmund (D)
  An ogre (D)
  Ijyb (D)
3 creatures vanquished.

Notes
Turn   | Place    | Note
-------+----------+-------------------------------------------
     0 | D        | Hubris850 the Spriggan Enchanter began the quest for the
                  | Orb.
     0 | D        | Reached XP level 1. HP: 9/9 MP: 5/5
     2 | D        | Noticed Ijyb
    17 | D        | Killed Ijyb
    18 | D        | Reached skill level 10 in Stealth
    18 | D        | Reached XP level 2. HP: 10/13 MP: 6/6
    67 | D        | Noticed an ogre
    69 | D        | Killed an ogre
    70 | D        | Reached XP level 3. HP: 16/16 MP: 7/12
    70 | D        | Reached XP level 4. HP: 21/21 MP: 7/13
   121 | D        | Learned a level 3 spell: Confusing Touch
   124 | D        | Learned a level 2 spell: Ensorcelled Hibernation
   128 | D        | Learned a level 3 spell: Tukima's Dance
   132 | D        | Learned a level 3 spell: Dazzling Flash
   145 | D        | Noticed Sigmund
   151 | D        | Killed Sigmund
   152 | D        | Reached skill level 5 in Short Blades
   152 | D        | Reached skill level 14 in Stealth
   152 | D        | Reached XP level 5. HP: 24/24 MP: 12/15
   184 | D        | Found a shimmering blue altar of Sif Muna.
   185 | D        | Found an ornate altar of the Wu Jian Council.
   186 | D        | Found a radiant altar of Vehumet.
   193 | D        | Splashed by a jelly's acid

Illustrated notes

Levels and vault maps discovered:
D:        dungeon_sprint_1 [red_sonja_temple_1, red_sonja_temple_small_1]

Skill      XL: |  1  2  3  4 |
---------------+-------------+-----
Stealth        | 10 14 | 14.4
Spellcasting   | 6 |  6.5
Hexes          | 7 |  7.0
Short Blades   | 5 |  5.2
Dodging        | |  2.6

Action                     |  1- 3 |  4- 6 || total
---------------------------+-------+-------++-------
  Melee: Dagger            |    14 |    11 ||    25
   Cast: Confusing Touch   |       |     1 ||     1
    Use: Potion            |     1 |       ||     1
   Stab: Sleeping          |     1 |     1 ||     2
         Confused          |       |     2 ||     2
  Dodge: Dodged            |     8 |     6 ||    14

Table legend: (Time is in decaauts)
 A = Elapsed time spent in this place.
 B = Non-inter-level travel time spent in this place.
 C = Inter-level travel time spent in this place.
 D = Time resting spent in this place.
 E = Time spent auto-exploring this place.
 F = Levels seen in this place.
 G = Mean time per level.
                   A        B        C        D        E       F      G
               +--------+--------+--------+--------+--------+-----+--------+
         Total |    190 |    190 |      0 |    126 |      0 |   1 |  190.0 |
       Dungeon |    190 |    190 |      0 |    126 |      0 |   1 |  190.0 |
               +--------+--------+--------+--------+--------+-----+--------+

Top non-repeatable levels by time:
       D: 190 daAuts
